 Dungeon Crawl Stone Soup version 0.24.0-125-gc4c63601f3 (webtiles) character file.

Game seed: 15177141464421603128, levelgen mode: deterministic

17885 Mehrunes the Carver (level 12, -1/91 HPs)
             Began as a Demonspawn Abyssal Knight on Mar 4, 2020.
             Was an Elder of Lugonu.
             Slain by an elephant (14 damage)
             ... on level 3 of the Lair of Beasts.
             The game lasted 01:29:05 (18354 turns).

Mehrunes the Carver (Demonspawn Abyssal Knight)    Turns: 18354, Time: 01:29:05

Health: -1/91      AC: 14    Str: 16    XL:     12   Next: 22%
Magic:  18/18      EV: 13    Int: 19    God:    Lugonu [****..]
Gold:   403        SH:  0    Dex: 13    Spells: 8/11 levels left

rFire    + + .     SeeInvis .   e - +2 demon blade of Growth {venom, rF+ Int+4}
rCold    . . .     Gourm    .   (no shield)
rNeg     . . .     Faith    +   L - +0 scale mail
rPois    .         Spirit   .   o - +0 helmet
rElec    .         Reflect  .   r - +0 cloak
rCorr    .         Harm     .   I - +0 pair of gloves
MR       .....                  (boots unavailable)
Stlth    +.........             H - amulet of faith
HPRegen  0.25/turn              v - +4 ring of evasion
MPRegen  0.16/turn              j - +2 ring of slaying

@: no status effects
A: hooves 3, molten scales 2, demonic guardian 1, fire resistance 1,
nightstalker 1, flame cloud immunity
a: Depart the Abyss, Bend Space, Banish, Corrupt, Renounce Religion


You were on level 3 of the Lair of Beasts.
You worshipped Lugonu.
Lugonu was greatly pleased with you.
You were not hungry.

You visited 2 branches of the dungeon, and saw 15 of its levels.
You visited the Abyss 1 time.

You collected 703 gold pieces.
You spent 300 gold pieces at shops.

Inventory:

Hand Weapons
 a - a +1 falchion
 e - the +2 demon blade of Growth (weapon) {venom, rF+ Int+4}
   (You acquired it on level 10 of the Dungeon)

   It poisons the flesh of those it strikes.
   It affects your intelligence (+4).
   It protects you from fire.
 f - a +0 great sword of slicing
 x - a +3 great sword
 S - a +0 shortbow of flaming
Missiles
 g - 60 sling bullets
 q - 17 poisoned darts (quivered)
 s - 3 javelins
 u - 194 stones
 N - 114 arrows
 U - 6 curare-tipped darts
Armour
 b - a +0 leather armour
 h - a +0 plate armour
 m - a scarf of repulsion
 o - a +0 helmet (worn)
 r - a +0 cloak (worn)
 C - a +0 ring mail
 I - a +0 pair of gloves (worn)
 J - a +1 pair of boots
 L - a +0 scale mail (worn)
Magical Staves
 k - an uncursed staff of fire
Jewellery
 j - a +2 ring of slaying (right hand)
 v - a +4 ring of evasion (left hand)
 y - an uncursed amulet of the acrobat
 D - an uncursed ring of magical power
 G - an uncursed ring of protection from magic
 H - an amulet of faith (around neck)
 Q - an uncursed ring of ice
 R - an uncursed ring of fire
Wands
 d - a wand of disintegration (14)
 t - a wand of enslavement (12)
 B - a wand of iceblast (16)
 E - a wand of polymorph (7)
Scrolls
 i - 6 scrolls of identify
 l - 7 scrolls of remove curse
 p - 5 scrolls of magic mapping
 A - a scroll of amnesia
Potions
 n - a potion of berserk rage {unknown}
 w - a potion of haste
 z - 4 potions of lignification
 F - a potion of curing
 K - a potion of ambrosia
 M - a potion of flight {unknown}
 O - a potion of magic {unknown}
 P - a potion of might
 T - a potion of brilliance {unknown}
Comestibles
 c - 28 rations


   Skills:
 + Level 7.6 Fighting
 - Level 14.0 Long Blades
 - Level 6.5 Armour
 - Level 0.8 Dodging
 - Level 3.5 Charms
 - Level 3.5 Ice Magic
 - Level 8.2 Invocations


You had 8 spell levels left.
You knew the following spells:

 Your Spells              Type           Power        Failure   Level  Hunger
a - Ozocubu's Armour      Chrm/Ice       ##......     43%         3    ####...

Your spell library contained the following spells:

 Spells                   Type           Power        Failure   Level  Hunger
 Freeze                   Ice            ##..         16%         1    ##.....
 Ensorcelled Hibernation  Hex/Ice        #.....       43%         2    ###....
 Throw Frost              Conj/Ice       #.....       43%         2    ###....
 Corona                   Hex            #......      54%         1    ##.....
 Summon Small Mammal      Summ           #...         54%         1    ##.....
 Call Imp                 Summ           #.......     69%         2    ###....
 Call Canine Familiar     Summ           #.......     89%         3    ####...
 Confuse                  Hex            #.......     89%         3    ####...
 Dazzling Spray           Conj/Hex       #.....       89%         3    ####...
 Summon Guardian Golem    Hex/Summ       #.......     89%         3    ####...
 Tukima's Dance           Hex            #.......     89%         3    ####...
 Ice Form                 Ice/Tmut       #.......     97%         4    #####..
 Summon Ice Beast         Ice/Summ       #.......     97%         4    #####..
 Throw Icicle             Conj/Ice       #.......     97%         4    #####..
 Summon Lightning Spire   Summ/Air       #.......     100%        4    #####..
 Metabolic Englaciation   Hex/Ice        #.........   100%        5    ######.
 Bolt of Cold             Conj/Ice       #.........   100%        6    #######
 Freezing Cloud           Conj/Ice/Air   #.........   100%        6    #######
 Ozocubu's Refrigeration  Ice            ##........   100%        6    #######
 Simulacrum               Ice/Necr       #.........   100%        6    #######


Dungeon Overview and Level Annotations

Branches:
Dungeon (11/15)            Temple (0/1) D:4            Lair (4/6) D:10
  Swamp: Lair:2-4    Shoals: Lair:2-4     Snake: Lair:2-4    Spider: Lair:2-4
    Orc: D:9-12

Altars:
Ashenzari
Dithmenos
Elyvilon
Qazlal
Xom
Zin

Shops:
D:9 =*

Annotations:
D:10 corrupted
Abyss:1 Sonja


Innate Abilities, Weirdness & Mutations

You have hooves in place of feet.
You are mostly covered in molten scales. (AC +3)
A weak demonic guardian rushes to your aid.
Your flesh is heat resistant. (rF+)
You are slightly more attuned to the shadows.
You are immune to clouds of flame.


Message History

You hold your ground!
The elephant trunk-slaps you but does no damage.
Your ufetubus hits the elephant but does no damage.
Your ufetubus hits the elephant. The elephant tramples your ufetubus!
Your ufetubus stumbles backwards!
Your ufetubus dies!
The elephant tramples you!
* * * LOW HITPOINT WARNING * * *
You hold your ground!
The elephant trunk-slaps you but does no damage.
The elephant tramples you but does no damage.
The elephant barely misses you.
The basilisk bites you but does no damage.
The elephant barely misses you.
The elephant trunk-slaps you but does no damage.
The elephant tramples you but does no damage.
The elephant trunk-slaps you but does no damage.
You turn to flesh and can move again.
The elephant tramples you!
You die...

###....P##
#.#..#.##..
.........#######.####
#............#
#.#####.#....# #.#
#####..# #.# #.....
#.###### ...[.. #
#..Y#.P#..#...... #.
#####.YYl@...?.......
#.####..#.Y##Y#^####.
###...........#####
#.#.........YP#
..............#
?.#..........##
.#...........#
##..........#
##..........P


You could see 5 elephants and a basilisk.

Vanquished Creatures
  Fannar (Lair:1)
  An unseen horror (D:10)
  An elephant (Lair:3)
  A spiny frog (Lair:1)
  A black mamba (Lair:3)
  A torpor snail (Lair:2)
  2 komodo dragons
  14 blink frogs
  3 hippogriffs
  A basilisk (Lair:2)
  13 yaks
  A wraith (D:10)
  3 hogs (D:8)
  2 wyverns
  Edmund (D:4)
  5 water moccasins
  Duvessa (D:2)
  8 porcupines
  A black bear (D:9)
  2 orc warriors
  A phantom (D:8)
  An ice beast (D:8)
  7 ogres
  4 centaurs
  6 crocodiles
  A big kobold (D:10)
  9 bullfrogs
  A wyvern zombie (D:3)
  Dowan (D:2)
  4 scorpions
  3 killer bees (D:10)
  7 wights
  4 howler monkeys
  2 electric eels
  3 crimson imps
  A bullfrog zombie (D:8)
  2 centaur zombies
  4 hounds
  A jelly (D:9)
  2 quasits
  A centaur skeleton (D:9)
  3 orc priests (D:5)
  5 iguanas
  10 orc wizards
  6 worker ants
  2 hound skeletons
  3 gnolls (D:9)
  A howler monkey skeleton (D:10)
  12 adders
  3 shadow imps
  3 oozes
  2 adder skeletons
  An adder zombie (D:9)
  2 worms
  2 dart slugs
  8 leopard geckos
  29 orcs
  4 bats
  3 giant cockroaches
  5 goblins
  12 hobgoblins
  22 jackals
  4 quokkas
  3 ball pythons
  A frilled lizard (D:2)
  A jackal zombie (D:9)
  10 kobolds
  16 rats
  2 fungi (Lair:1)
  2 plants (Lair:2)
305 creatures vanquished.

Vanquished Creatures (collateral kills)
  A spiny frog (Lair:3)
  2 blink frogs (Lair:2)
  A human (D:8)
  A hog (D:8)
  A yak (Lair:2)
  A water moccasin (Lair:2)
  2 sky beasts
  2 ogres
  A black bear (D:4)
  A centaur (D:6)
  A bullfrog (D:6)
  A scorpion (D:4)
  A killer bee (D:10)
  A howler monkey (D:8)
  A hound (D:4)
  An orc priest (D:5)
  An adder (D:8)
  A leopard gecko (D:4)
  2 orcs (D:4)
  A jackal (D:4)
  A rat (D:3)
25 creatures vanquished.

Vanquished Creatures (others)
  2 hydras
  2 two-headed ogres
  A hippogriff (D:10)
  A yak (D:10)
  2 basilisks (D:10)
  A gnoll sergeant (D:9)
  8 fungi
  5 plants (Lair:3)
22 creatures vanquished.

Grand Total: 352 creatures vanquished

Notes
Turn   | Place    | Note
-------+----------+-------------------------------------------
     0 | Abyss:1  | Mehrunes the Demonspawn Abyssal Knight began the quest for
                  | the Orb.
     0 | Abyss:1  | Reached XP level 1. HP: 18/18 MP: 2/2
    25 | D:1      | Escaped the Abyss
   137 | D:1      | Gained mutation: You are partially covered in molten
                  | scales. (AC +2) [demonic ancestry]
   137 | D:1      | Reached XP level 2. HP: 13/24 MP: 3/3
   281 | D:1      | Reached * piety under Lugonu
   674 | D:1      | Reached skill level 2 in Long Blades
   839 | D:2      | Gained mutation: You have large cloven feet. [demonic
                  | ancestry]
   839 | D:2      | Reached XP level 3. HP: 25/30 MP: 4/4
  1367 | D:2      | Found a stormy altar of Qazlal.
  1430 | D:2      | Reached skill level 3 in Long Blades
  1570 | D:2      | Found a faded altar of an unknown god.
  1606 | D:2      | Gained mutation: A weak demonic guardian rushes to your
                  | aid. [demonic ancestry]
  1606 | D:2      | Reached XP level 4. HP: 37/37 MP: 5/5
  1710 | D:2      | Reached ** piety under Lugonu
  2064 | D:3      | Found a shattered altar of Ashenzari.
  2091 | D:3      | HP: 1/37 [wyvern zombie (12)]
  2105 | D:3      | Reached skill level 4 in Long Blades
  2105 | D:3      | Gained mutation: You are mostly covered in molten scales.
                  | (AC +3) [demonic ancestry]
  2105 | D:3      | Reached XP level 5. HP: 6/42 MP: 6/6
  2872 | D:4      | Noticed an ogre
  2897 | D:4      | Killed an ogre
  2897 | D:4      | Reached skill level 5 in Long Blades
  2942 | D:4      | Noticed a black bear
  2944 | D:4      | Gained mutation: You are slightly more attuned to the
                  | shadows. [demonic ancestry]
  2944 | D:4      | Reached XP level 6. HP: 48/48 MP: 7/7
  3045 | D:4      | Noticed Duvessa
  3047 | D:4      | Noticed Dowan
  3090 | D:2      | Killed Duvessa
  3113 | D:2      | Killed Dowan
  3113 | D:2      | Reached skill level 6 in Long Blades
  3414 | D:4      | Noticed Edmund
  3498 | D:3      | Gained mutation: You have hoof-like feet. [demonic
                  | ancestry]
  3498 | D:3      | Reached XP level 7. HP: 31/54 MP: 8/8
  3646 | D:4      | Reached skill level 7 in Long Blades
  4134 | D:4      | Found a staircase to the Ecumenical Temple.
  4337 | D:5      | Entered Level 5 of the Dungeon
  4654 | D:5      | Reached *** piety under Lugonu
  5104 | D:4      | Reached skill level 8 in Long Blades
  5286 | D:5      | Found a shimmering altar of Xom.
  5314 | D:5      | Reached XP level 8. HP: 56/60 MP: 9/9
  5724 | D:4      | Killed Edmund
  5724 | D:4      | Reached skill level 9 in Long Blades
  6094 | D:6      | Found a shadowy altar of Dithmenos.
  6111 | D:6      | Reached skill level 5 in Invocations
  6900 | D:7      | Noticed a hippogriff
  7043 | D:7      | Reached **** piety under Lugonu
  7130 | D:7      | Gained mutation: Your flesh is heat resistant. (rF+)
                  | [demonic ancestry]
  7130 | D:7      | Reached XP level 9. HP: 15/65 MP: 13/15
  8291 | D:8      | Found a glowing silver altar of Zin.
  8291 | D:8      | Found a white marble altar of Elyvilon.
  8538 | D:8      | Reached skill level 5 in Armour
  8894 | D:8      | Noticed a two-headed ogre
  9176 | D:8      | Banished a two-headed ogre
  9448 | D:8      | Reached skill level 10 in Long Blades
  9922 | D:8      | Reached XP level 10. HP: 71/71 MP: 16/16
 10935 | D:9      | Found Fyuhen's General Store.
 11002 | D:9      | Reached skill level 5 in Fighting
 11123 | D:9      | Reached ***** piety under Lugonu
 11681 | D:9      | Found Wuudghidd's Jewellery Shop.
 11740 | D:9      | Bought an uncursed ring of protection from magic for 300
                  | gold pieces
 11803 | D:10     | Entered Level 10 of the Dungeon
 12411 | D:10     | Found a staircase to the Lair.
 12432 | D:10     | Corrupted D:10
 12432 | D:10     | Noticed a deep elf sorcerer
 12432 | D:10     | Noticed an orange demon
 12432 | D:10     | Noticed a rakshasa
 12432 | D:10     | Noticed a tentacled starspawn
 12432 | D:10     | Noticed an orange demon
 12433 | D:10     | Noticed a large abomination
 12438 | D:10     | Noticed a cyclops
 12438 | D:10     | a glowing shapeshifter changed into a cyclops
 12446 | D:10     | a cyclops changed into a jumping spider
 12676 | D:10     | Identified a scroll of acquirement
 12677 | D:10     | Got a shimmering demon blade
 12678 | D:10     | Identified the +2 demon blade of Growth {venom, rF+ Int+4}
                  | (You acquired it on level 10 of the Dungeon)
 13172 | D:10     | Killed an unseen horror
 13172 | D:10     | Reached skill level 11 in Long Blades
 13818 | D:11     | Noticed a two-headed ogre
 13831 | D:10     | Banished a two-headed ogre
 14187 | D:11     | Noticed a cyclops
 14216 | Lair:1   | Entered Level 1 of the Lair of Beasts
 14305 | Lair:1   | Noticed a spiny frog
 14311 | Lair:1   | Killed a spiny frog
 14311 | Lair:1   | Gained mutation: You are immune to clouds of flame.
                  | [demonic ancestry]
 14311 | Lair:1   | Reached XP level 11. HP: 78/84 MP: 17/17
 14551 | Lair:1   | Noticed Fannar
 14573 | Lair:1   | Killed Fannar
 14573 | Lair:1   | Reached skill level 12 in Long Blades
 14879 | Lair:1   | Learned a level 3 spell: Ozocubu's Armour
 14950 | Lair:1   | Noticed an eight-headed hydra
 14989 | Lair:1   | Banished an eight-headed hydra
 14989 | Lair:1   | Reached skill level 1 in Charms
 14989 | Lair:1   | Reached skill level 1 in Ice Magic
 16071 | Lair:2   | Noticed a seven-headed hydra
 16074 | Lair:2   | Banished a seven-headed hydra
 16260 | Lair:2   | You fall into a shaft and drop 2 floors!
 16260 | Lair:4   | Noticed a catoblepas
 16823 | Lair:3   | Reached skill level 13 in Long Blades
 17283 | Lair:2   | Gained mutation: You have hooves in place of feet. [demonic
                  | ancestry]
 17283 | Lair:2   | Reached XP level 12. HP: 79/91 MP: 18/18
 17937 | Lair:3   | Noticed Sonja
 17958 | Lair:3   | Banished Sonja
 17958 | Lair:3   | Reached skill level 14 in Long Blades
 18354 | Lair:3   | Slain by an elephant

Levels and vault maps discovered:
D:1:      onia_arrival_handbag, layout_rooms
D:2:      layout_rooms, chequers_ecumenical_altar_grove,
          nicolae_qazlal_general_emergency
D:3:      layout_loops_cross, old_standard_altar
D:4:      layout_cave_pools, minmay_temple_entry_mist, uniq_duvessa, uniq_edmund
D:5:      layout_cave_pools, xom_teletrap_fun, first_ration,
          kennysheep_generic_room_15
D:6:      layout_loops_ring, serial_glass, glass_columns_a, glass_columns_c,
          chequers_jeans, grunt_dithmenos_smoke_and_mirrors
D:7:      layout_loops_ring
D:8:      layout_gridville, gammafunk_temple_overflow_wave, grunt_livestock,
          minmay_crystal_water
D:9:      layout_basic, serial_shops, kennysheep_mini, shop
D:10:     layout_gridville, david_lair_generic
D:11:     old_forge, layout_irregular_city, minmay_diamond_spiral
Lair:1:   layout_gridlike, serial_bayou_lagoon_a, uniq_fannar
Lair:2:   layout_regular_city, lemuel_fruit_fields
Lair:3:   layout_small_grid, special_room [special_room_bee],
          beast_lair_carwin_2, uniq_sonja
Lair:4:   layout_regular_city, swamp_mist, dummy_spider_entry

Skill      XL: |  1  2  3  4  5  6  7  8  9 10 11 12 |
---------------+-------------------------------------+-----
Fighting       | 4 7 |  7.6
Long Blades    | 2 3 4 5 6 8 9 10 11 13 14 | 14.0
Armour         | 2 6 |  6.5
Invocations    | 8 |  8.2
Charms         | 3 |  3.5
Ice Magic      | 3 |  3.5
Dodging        | |  0.8

Action                   |  1- 3 |  4- 6 |  7- 9 | 10-12 || total
-------------------------+-------+-------+-------+-------++-------
Melee: Falchion          |    90 |   142 |   423 |   183 ||   838
       Great sword       |     2 |       |       |    56 ||    58
       Kick              |     6 |    38 |    57 |    21 ||   122
       Demon blade       |       |       |       |   379 ||   379
 Fire: Hunting sling     |       |       |    20 |       ||    20
       Shortbow          |       |       |    17 |     2 ||    19
Invok: Depart the Abyss  |     1 |       |       |       ||     1
       Bend Space        |       |     1 |       |       ||     1
       Banish            |       |       |     1 |     6 ||     7
       Corrupt           |       |       |       |     1 ||     1
  Use: Potion            |       |     6 |       |     3 ||     9
       Scroll            |       |       |     6 |    12 ||    18
 Stab: Distracted        |       |     2 |       |     5 ||     7
       Sleeping          |       |       |     1 |       ||     1
  Eat: Chunk             |     1 |     4 |    21 |    20 ||    46
       Ration            |     1 |       |       |     3 ||     4
Armor: Ring mail         |    33 |    61 |    77 |       ||   171
       Skin              |       |     6 |       |       ||     6
       Scale mail        |       |       |    74 |   401 ||   475
Dodge: Dodged            |    63 |    90 |   247 |   410 ||   810
       Deflected         |     3 |       |       |       ||     3
       Rpst.: Falchion   |    25 |    23 |    71 |    41 ||   160
       Demon blade       |       |       |       |    68 ||    68
       Great sword       |       |       |       |    12 ||    12
